 Dungeon Crawl Stone Soup version 0.31-a0-233-g139696dc86 (webtiles) character file.

Game seed: 5477844071089856474

27556 qw the Marksgargoyle (level 13, -8/83 HPs)
             Began as a Gargoyle Hexslinger on July 7, 2023.
             Was a High Priest of Okawaru.
             Mangled by a death yak simulacrum (22 damage)
             ... on level 2 of the Lair of Beasts.
             The game lasted 00:06:53 (11244 turns).

qw the Marksgargoyle (Gargoyle Hexslinger)         Turns: 11244, Time: 00:06:53

Health: -8/83      AC: 18    Str: 12    XL:     13   Next: 33%
Magic:  28/29      EV: 21    Int: 19    God:    Okawaru [*****.]
Gold:   1063       SH:  0    Dex: 22    Spells: 13/14 levels left

rFire   + + .        i - +1 orcbow "Lofukloo" {elec, rF+ Int+4}
rCold   . . .        (shield currently unavailable)
rNeg    + . .        o - +0 troll leather armour
rPois   inf          (no helmet)
rElec   +            a - scarf of Dim Light {shadows, Will+ Regen+ MP+9 Stlth+}
rCorr   .            k - +0 pair of gloves
SInv    .            e - +0 pair of boots
Will    +....        c - amulet of the acrobat
Stlth   ++++         b - +6 ring of dexterity
HPRegen 1.93/turn    d - ring of protection from fire
MPRegen 0.21/turn

%: acrobat
@: about to teleport, heroic
A: sickness immunity, AC +9, negative energy resistance 1, electricity
resistance, torment resistance 1, petrification resistance
a: Renounce Religion, Heroism, Finesse, Duel


You were on level 2 of the Lair of Beasts.
You worshipped Okawaru.
Okawaru was extremely pleased with you.
You visited 2 branches of the dungeon, and saw 13 of its levels.

You collected 1063 gold pieces.


Innate Abilities, Weirdness & Mutations

You are immune to sickness and miasma.
Your stone body is resilient. (AC +9)
You are immune to poison.
You resist negative energy. (rN+)
You are resistant to electric shocks. (rElec)
You are resistant to unholy torment.
You are immune to petrification.


   Skills:
 + Level 10.6(15.6) Fighting
 - Level 16.0(21.0) Ranged Weapons
 - Level 4.0(9.0) Armour
 - Level 7.4(12.4) Dodging
 - Level 1.0 Spellcasting
 - Level 2.6 Hexes
 - Level 10.0 Invocations


You had 13 spell levels left.
You knew the following spells:

 Your Spells              Type           Power      Damage    Failure   Level
a - Slow                  Hex            44%        N/A       8%          1

Your spell library contained the following spells:

 Spells                   Type           Power      Damage    Failure   Level
 Inner Flame              Hex/Fire       6%         N/A       36%         3
 Portal Projectile        Hex/Tloc       12%        N/A       36%         3
 Cause Fear               Hex            5%         N/A       58%         4

Inventory:

Hand Weapons
 i - the +1 orcbow "Lofukloo" (weapon) {elec, rF+ Int+4}
   (You found it on level 11 of the Dungeon)

   Int:       It affects your intelligence (+4).
   rF:        It protects you from fire.
Armour
 a - the scarf of Dim Light (worn) {shadows, Will+ Regen+ MP+9 Stlth+}
   (You acquired it on level 4 of the Dungeon)

   MP:        It affects your magic capacity (+9).
   Regen:     It increases your rate of health regeneration.
   Will:      It increases your willpower.
   Stlth:     It makes you more stealthy.
 e - a +0 pair of boots (worn)
 k - a +0 pair of gloves (worn)
 o - a +0 troll leather armour (worn)
Jewellery
 b - a +6 ring of dexterity (left hand)
 c - an amulet of the acrobat (around neck)
 d - a ring of protection from fire (right hand)
 p - a +6 ring of strength
Wands
 s - a wand of digging (2)
Scrolls
 f - a scroll of identify
 g - 5 scrolls of teleportation
Potions
 h - a potion of haste
 j - 2 potions of might
 l - 2 potions of magic
 m - a potion of ambrosia {unknown}
 n - a potion of enlightenment
 q - a potion of mutation {unknown}
 r - 2 potions of curing

Dungeon Overview and Level Annotations

Branches:
Dungeon (11/15)            Temple (0/1) D:5            Lair (2/5) D:11
  Swamp (0/4) Lair:2          Orc (0/2) D:10
  Snake: Lair:2-3    Spider: Lair:2-3

Altars:
Ashenzari
Dithmenos
Elyvilon
Gozag
Hepliaklqana
Nemelex Xobeh
Okawaru
Qazlal
Ru
Sif Muna
Trog
Uskayaw
Wu Jian
Xom
Zin
The Shining One

Shops:
D:10 *

Portals:
Ice
Cave: Lair:2


Message History

Lightning courses through the hell rat!
The hell rat is almost dead.
The hell rat misses you. The hell rat closely misses you.
You shoot an arrow. The arrow hits the hell rat.
You kill the hell rat!
Okawaru accepts your kill. The hell rat barely misses you.
The death yak simulacrum completely misses you.
The hell rat closely misses you.
You shoot an arrow. The arrow hits the black mamba!
The black mamba is moderately wounded.
The black mamba closely misses you. The hell rat misses you.
The black mamba barely misses you. The hell rat closely misses you.
The death yak simulacrum misses you.
You shoot an arrow. The arrow misses the black mamba.
The black mamba misses you. The hell rat misses you.
The hell rat completely misses you.
You shoot an arrow. The arrow misses the black mamba.
The black mamba completely misses you. The hell rat closely misses you.
The death yak simulacrum closely misses you.
The hell rat completely misses you.
You shoot an arrow. The arrow hits the black mamba.
The black mamba is moderately wounded.
The black mamba barely misses you. The hell rat misses you.
The black mamba misses you.
You shoot an arrow. The arrow hits the black mamba!
The black mamba is almost dead.
The hell rat barely misses you. The black mamba bites you.
The hell rat misses you. The death yak simulacrum gores you!
The death yak simulacrum freezes you!
You shoot an arrow. The arrow hits the black mamba!
You kill the black mamba!
Okawaru accepts your kill. The hell rat bites you!
The hell rat completely misses you.
11244 ||| READING 6 scrolls of teleportation.
As you read the scroll of teleportation, it crumbles to dust.
You feel strangely unstable. The hell rat completely misses you.
The death yak simulacrum gores you. The death yak simulacrum freezes you!!
You die...

# # #.....# . #.#.#... .
#....... ##...#... # ##
......# # ##P####r%%#.#.
# ......#@r..... #
......Z%..#...
....?...###.. ##
.\................#####.
.......................#
........................
..?.....................
.?.....%................
.......................#


You could see 2 hell rats and a death yak simulacrum.

Vanquished Creatures
  Fannar (D:10)
  2 hydras (Lair:2)
  A catoblepas (Lair:2)
  2 two-headed ogres
  Nergalle (D:11)
  Lodul (D:10)
  An oklob plant (D:11)
  Joseph (D:10)
  4 black mambas
  2 gargoyles (D:11)
  2 kobold demonologists (D:11)
  Maggie (D:8)
  A komodo dragon (D:10)
  4 cane toads
  An unseen horror (D:10)
  2 trolls
  3 polar bears (Lair:2)
  A hornet (D:8)
  6 blink frogs
  A shadow (D:10)
  5 wyverns
  31 yaks
  A vampire (D:9)
  2 basilisks (Lair:1)
  3 steam dragons
  8 vampire mosquitoes
  2 acid dragons
  4 water moccasins
  6 orc warriors
  4 ice beasts
  3 sky beasts
  10 ogres
  10 centaurs
  6 wolves
  6 kobold brigands
  2 phantoms
  7 bullfrogs
  2 gnoll sergeants (D:11)
  5 scorpions
  8 wights (D:9)
  An elephant simulacrum (Lair:2)
  11 killer bees
  An electric eel (Lair:2)
  3 howler monkeys
  A hound (D:5)
  4 orc priests
  2 gnoll boudas (D:8)
  A jelly (D:4)
  7 iguanas
  3 hell rats (Lair:2)
  2 sleepcaps (D:5)
  5 orc wizards
  14 gnolls
  13 adders
  2 shadow imps
  3 white imps (D:6)
  An ufetubus (D:6)
  4 dart slugs
  A worm (D:4)
  47 orcs
  12 endoplasms
  A giant cockroach (D:2)
  7 goblins
  7 hobgoblins
  2 jackals (D:4)
  6 quokkas
  4 ball pythons
  6 bats
  4 frilled lizards
  27 kobolds
  4 rats
369 creatures vanquished.

Vanquished Creatures (others)
  An orc wizard (D:8)
1 creature vanquished.

Grand Total: 370 creatures vanquished

Notes
Turn   | Place    | Note
-------+----------+-------------------------------------------
     0 | D:1      | qw the Gargoyle Hexslinger began the quest for the Orb.
     0 | D:1      | Reached XP level 1. HP: 12/12 MP: 2/2
     0 | D:1      | 0 ||| qw: Version: 0.3-a-46-gb1f654a
     0 | D:1      | 0 ||| qw: Game counter: 3066
     0 | D:1      | 0 ||| qw: Melee chars always use a shield: true
     0 | D:1      | 0 ||| qw: God list: Okawaru
     0 | D:1      | 0 ||| qw: Allow faded altars: false
     0 | D:1      | 0 ||| qw: Do Orc after clearing Dungeon:15 true
     0 | D:1      | 0 ||| qw: Do second Lair branch before Depths: true
     0 | D:1      | 0 ||| qw: Lair rune preference: random
     0 | D:1      | 0 ||| qw: Goals: Normal
     0 | D:1      | 0 ||| PLANNING D:1-11
   233 | D:1      | Reached XP level 2. HP: 16/16 MP: 3/3
   330 | D:1      | Reached skill level 3 in Ranged Weapons
   613 | D:1      | 613 ||| UPGRADING to +0 ring mail.
   623 | D:1      | 623 ||| DROPPING +0 robe.
   624 | D:1      | 624 ||| DROPPING +6 ring of intelligence.
   625 | D:1      | 625 ||| READING scroll labelled ENEYD MEALEGG.
   626 | D:1      | 626 ||| DROPPING scroll of poison.
   694 | D:2      | 694 ||| UPGRADING to amulet of guardian spirit.
   699 | D:2      | 699 ||| READING scroll labelled FEQ ELINEIC.
   708 | D:2      | 708 ||| STAIRDANCE
   814 | D:2      | Reached XP level 3. HP: 15/22 MP: 4/4
  1176 | D:2      | Reached XP level 4. HP: 25/27 MP: 3/5
  1222 | D:2      | 1222 ||| DROPPING scarf of harm.
  1223 | D:2      | 1223 ||| UPGRADING to +0 cloak.
  1228 | D:2      | 1228 ||| READING scroll labelled UTAULI RYDI.
  1229 | D:2      | 1229 ||| READING scroll labelled JUYLLI GONI.
  1366 | D:3      | Found an iron altar of Okawaru.
  1367 | D:3      | 1367 ||| PLANNING OKAWARU WORSHIP
  1367 | D:3      | 1367 ||| DRINKING 2 dark potions.
  1375 | D:3      | Became a worshipper of Warmaster Okawaru
  1376 | D:3      | 1376 ||| PLANNING D:1-11
  1376 | D:3      | 1376 ||| REMOVING amulet of guardian spirit.
  1407 | D:3      | Found a white marble altar of Elyvilon.
  1430 | D:3      | Reached skill level 1 in Armour
  1517 | D:3      | 1517 ||| SWAPPING to +1 sling of draining.
  1518 | D:3      | 1518 ||| DROPPING +1 sling.
  1525 | D:3      | Found a shadowy altar of Dithmenos.
  1898 | D:3      | Reached skill level 4 in Ranged Weapons
  2082 | D:3      | 2082 ||| DROPPING amulet of guardian spirit.
  2083 | D:3      | 2083 ||| UPGRADING to amulet of the acrobat.
  2088 | D:3      | 2088 ||| UPGRADING to ring of resist corrosion.
  2089 | D:3      | 2089 ||| READING scroll labelled WEOHAI BEIDUI.
  2111 | D:4      | 2111 ||| PLANNING SEWER
  2207 | D:4      | Reached XP level 5. HP: 30/31 MP: 6/6
  2363 | D:4      | Identified the +1 dagger of the Delightful God {heavy,
                  | Contam rC+ Str+4 SInv}
  2380 | D:4      | 2380 ||| SWAPPING to +0 shortbow.
  2388 | D:4      | 2388 ||| DROPPING +2 sling of draining.
  2449 | D:4      | Reached skill level 5 in Ranged Weapons
  2630 | D:4      | Found a hazy altar of Hepliaklqana.
  2631 | D:4      | 2631 ||| DROPPING ring of flight.
  2632 | D:4      | 2632 ||| READING scroll labelled ZESUCR DODIP.
  2633 | D:4      | 2633 ||| READING scroll labelled FUAPEL PEL OXO.
  2633 | D:4      | Identified a scroll of acquirement
  2633 | D:4      | 2633 ||| ACQUIRING scarf of Dim Light {shadows, Will+
                  | Regen+ MP+9 Stlth+}
  2633 | D:4      | Acquired the scarf of Dim Light {shadows, Will+ Regen+ MP+9
                  | Stlth+}
  2634 | D:4      | 2634 ||| DRINKING 2 fizzy golden potions.
  2658 | D:4      | 2658 ||| READING 2 scrolls of identify.
  2658 | D:4      | 2658 ||| IDENTIFYING smoky cyan potion
  2659 | D:4      | 2659 ||| DROPPING potion of lignification.
  2660 | D:4      | 2660 ||| DROPPING potion of berserk rage.
  2790 | D:4      | Found a glowing drain.
  2791 | D:4      | 2791 ||| UPGRADING to scarf of Dim Light {shadows, Will+
                  | Regen+ MP+9 Stlth+}.
  2812 | D:4      | 2812 ||| RIP SEWER
  2865 | D:4      | 2865 ||| PLANNING D:1-11
  2865 | D:4      | 2865 ||| DROPPING +0 cloak.
  2883 | D:5      | Entered Level 5 of the Dungeon
  2890 | D:5      | Found a staircase to the Ecumenical Temple.
  2903 | D:5      | Reached skill level 3 in Fighting
  2903 | D:5      | Reached XP level 6. HP: 37/37 MP: 7/7
  2929 | D:5      | Identified the +2 robe of Midsummer {rCorr}
  2952 | D:5      | 2952 ||| Stepping ~*~*~tactically~*~*~ (outnumbered).
  2968 | D:5      | 2968 ||| FLEEEEING.
  2969 | D:5      | 2969 ||| FLEEEEING.
  3160 | D:5      | Reached * piety under Okawaru
  3161 | D:5      | Reached skill level 6 in Ranged Weapons
  3213 | D:5      | Noticed an ice beast
  3214 | D:5      | 3214 ||| INVOKING Heroism.
  3222 | D:5      | Killed an ice beast
  3223 | D:5      | Reached skill level 1 in Invocations
  3223 | D:5      | Reached XP level 7. HP: 36/42 MP: 8/8
  3300 | D:5      | 3300 ||| FLEEEEING.
  3301 | D:5      | 3301 ||| FLEEEEING.
  3302 | D:5      | 3302 ||| FLEEEEING.
  3314 | D:5      | 3314 ||| FLEEEEING.
  3315 | D:5      | 3315 ||| FLEEEEING.
  3316 | D:5      | 3316 ||| FLEEEEING.
  3331 | D:5      | 3331 ||| INVOKING Heroism.
  3723 | D:5      | 3723 ||| INVOKING Heroism.
  3770 | D:5      | 3770 ||| INVOKING Heroism.
  3780 | D:5      | Reached skill level 3 in Invocations
  3814 | D:5      | 3814 ||| UPGRADING to +2 robe of Midsummer {rCorr}.
  3824 | D:5      | 3824 ||| REMOVING ring of resist corrosion.
  3825 | D:5      | 3825 ||| DROPPING +0 ring mail.
  3826 | D:5      | 3826 ||| UPGRADING to +6 ring of dexterity.
  3827 | D:5      | 3827 ||| READING 2 scrolls of identify.
  3827 | D:5      | 3827 ||| IDENTIFYING metallic brown potion
  3828 | D:5      | 3828 ||| DRINKING potion of experience.
  3828 | D:5      | Reached XP level 8. HP: 48/48 MP: 15/15
  3838 | D:5      | Reached skill level 7 in Ranged Weapons
  3999 | D:6      | Found a stormy altar of Qazlal.
  4013 | D:6      | 4013 ||| INVOKING Heroism.
  4015 | D:6      | Reached XP level 9. HP: 52/52 MP: 16/16
  4235 | D:6      | 4235 ||| INVOKING Heroism.
  4237 | D:6      | Reached skill level 8 in Ranged Weapons
  4251 | D:6      | 4251 ||| Stepping ~*~*~tactically~*~*~ (outnumbered).
  4252 | D:6      | 4252 ||| Stepping ~*~*~tactically~*~*~ (outnumbered).
  4362 | D:6      | 4362 ||| Stepping ~*~*~tactically~*~*~ (outnumbered).
  4488 | D:6      | 4488 ||| UPGRADING to ring of protection from fire.
  4489 | D:6      | 4489 ||| READING scroll labelled ABISSE LIMN.
  4490 | D:6      | 4490 ||| DRINKING 2 orange potions.
  4491 | D:6      | 4491 ||| READING 3 scrolls of identify.
  4491 | D:6      | 4491 ||| IDENTIFYING gluggy clear potion
  4492 | D:6      | 4492 ||| READING 2 scrolls of identify.
  4492 | D:6      | 4492 ||| IDENTIFYING fuming orange potion
  4493 | D:6      | 4493 ||| DROPPING potion of attraction.
  4549 | D:7      | 4549 ||| INVOKING Heroism.
  4649 | D:7      | Reached ** piety under Okawaru
  4897 | D:7      | 4897 ||| Stepping ~*~*~tactically~*~*~ (outnumbered).
  4901 | D:7      | 4901 ||| INVOKING Heroism.
  4903 | D:7      | 4903 ||| Stepping ~*~*~tactically~*~*~ (outnumbered).
  4935 | D:7      | HP: 7/54 [orc priest/divine providence (11)]
  4936 | D:7      | 4936 ||| DRINKING potion of heal wounds.
  4945 | D:7      | 4945 ||| INVOKING Heroism.
  4984 | D:7      | Found a bloodstained altar of Trog.
  4985 | D:7      | 4985 ||| SWAPPING to +0 orcbow.
  4986 | D:7      | 4986 ||| DROPPING +0 shortbow.
  5567 | D:7      | 5567 ||| READING scroll labelled KATEPH TOYRO.
  5568 | D:7      | 5568 ||| READING scroll labelled QUJOIZOK AWKOC.
  5572 | D:7      | 5572 ||| READING 2 scrolls of identify.
  5572 | D:7      | 5572 ||| IDENTIFYING glowing brown potion
  5661 | D:8      | Reached skill level 9 in Ranged Weapons
  5691 | D:8      | Reached XP level 10. HP: 53/59 MP: 17/17
  5712 | D:8      | 5712 ||| Stepping ~*~*~tactically~*~*~ (outnumbered).
  5714 | D:8      | 5714 ||| INVOKING Heroism.
  5735 | D:8      | Reached skill level 6 in Fighting
  5817 | D:8      | 5817 ||| Invisibility monster not found???
  5866 | D:8      | 5866 ||| INVOKING Heroism.
  6081 | D:8      | 6081 ||| INVOKING Heroism.
  6132 | D:8      | Noticed a two-headed ogre
  6133 | D:8      | 6133 ||| INVOKING Heroism.
  6138 | D:8      | Killed a two-headed ogre
  6139 | D:8      | Reached skill level 10 in Ranged Weapons
  6145 | D:8      | Found a glowing golden altar of the Shining One.
  6145 | D:8      | Noticed Maggie
  6150 | D:8      | 6150 ||| DRINKING potion of cancellation.
  6152 | D:8      | 6152 ||| Stepping ~*~*~tactically~*~*~ (outnumbered).
  6155 | D:8      | 6155 ||| Stepping ~*~*~tactically~*~*~ (outnumbered).
  6160 | D:8      | Reached *** piety under Okawaru
  6168 | D:8      | Killed Maggie
  6208 | D:8      | Found a glowing silver altar of Zin.
  6377 | D:8      | 6377 ||| UPGRADING to +0 steam dragon scales.
  6387 | D:8      | 6387 ||| DROPPING +2 robe of Midsummer {rCorr}.
  6388 | D:8      | 6388 ||| DROPPING ring of resist corrosion.
  6389 | D:8      | 6389 ||| READING 2 scrolls of identify.
  6389 | D:8      | 6389 ||| IDENTIFYING smoky blue potion
  6434 | D:9      | 6434 ||| STAIRDANCE
  6437 | D:8      | 6437 ||| INVOKING Heroism.
  6497 | D:9      | 6497 ||| STAIRDANCE
  6517 | D:8      | Reached **** piety under Okawaru
  6555 | D:9      | 6555 ||| STAIRDANCE
  6566 | D:9      | 6566 ||| INVOKING Heroism.
  6579 | D:9      | Reached XP level 11. HP: 66/67 MP: 18/18
  6590 | D:9      | 6590 ||| Stepping ~*~*~tactically~*~*~ (outnumbered).
  6592 | D:9      | 6592 ||| Stepping ~*~*~tactically~*~*~ (outnumbered).
  6594 | D:9      | 6594 ||| Stepping ~*~*~tactically~*~*~ (outnumbered).
  6596 | D:9      | 6596 ||| Stepping ~*~*~tactically~*~*~ (outnumbered).
  6598 | D:9      | 6598 ||| Stepping ~*~*~tactically~*~*~ (outnumbered).
  6600 | D:9      | 6600 ||| Stepping ~*~*~tactically~*~*~ (outnumbered).
  6602 | D:9      | 6602 ||| Stepping ~*~*~tactically~*~*~ (outnumbered).
  6604 | D:9      | 6604 ||| Stepping ~*~*~tactically~*~*~ (outnumbered).
  6606 | D:9      | 6606 ||| Stepping ~*~*~tactically~*~*~ (outnumbered).
  6609 | D:9      | 6609 ||| Stepping ~*~*~tactically~*~*~ (outnumbered).
  6611 | D:9      | 6611 ||| Stepping ~*~*~tactically~*~*~ (outnumbered).
  6614 | D:9      | 6614 ||| Stepping ~*~*~tactically~*~*~ (outnumbered).
  6616 | D:9      | 6616 ||| Stepping ~*~*~tactically~*~*~ (outnumbered).
  6678 | D:9      | 6678 ||| INVOKING Heroism.
  6761 | D:9      | Reached skill level 11 in Ranged Weapons
  6934 | D:9      | Identified the +12 short sword of Anxiety {freeze, Drain
                  | rF+ Will+ rCorr}
  7571 | D:9      | Found a sacrificial altar of Ru.
  7627 | D:9      | 7627 ||| UPGRADING to +2 leather armour of cold resistance.
  7674 | D:10     | Entered Level 10 of the Dungeon
  7722 | D:10     | Noticed Lodul
  7728 | D:10     | 7728 ||| INVOKING Heroism.
  7760 | D:10     | Killed Lodul
  7830 | D:10     | 7830 ||| Stepping randomly (disturbance).
  7832 | D:10     | 7832 ||| READING 2 scrolls of identify.
  7832 | D:10     | 7832 ||| IDENTIFYING amethyst potion
  7833 | D:10     | 7833 ||| Stepping randomly (disturbance).
  7834 | D:10     | 7834 ||| Stepping randomly (disturbance).
  7854 | D:10     | 7854 ||| Stepping randomly (disturbance).
  7855 | D:10     | 7855 ||| Stepping randomly (disturbance).
  7856 | D:10     | 7856 ||| Stepping randomly (disturbance).
  7857 | D:10     | 7857 ||| Stepping randomly (disturbance).
  7908 | D:10     | Noticed a two-headed ogre
  7909 | D:10     | 7909 ||| INVOKING Heroism.
  7919 | D:10     | Killed a two-headed ogre
  7919 | D:10     | Reached ***** piety under Okawaru
  7920 | D:10     | Reached skill level 12 in Ranged Weapons
  7935 | D:10     | 7935 ||| INVOKING Heroism.
  7953 | D:10     | Found a staircase to the Orcish Mines.
  8098 | D:10     | 8098 ||| INVOKING Heroism.
  8122 | D:10     | 8122 ||| INVOKING Heroism.
  8212 | D:10     | Found a sparkling altar of Nemelex Xobeh.
  8218 | D:10     | Found a shimmering altar of Xom.
  8220 | D:10     | Found an ornate altar of the Wu Jian Council.
  8222 | D:10     | Found a broken altar of Ashenzari.
  8225 | D:10     | Found a hide-covered altar of Uskayaw.
  8278 | D:10     | 8278 ||| INVOKING Heroism.
  8306 | D:10     | 8306 ||| SWAPPING to +0 arbalest.
  8309 | D:10     | Noticed Joseph
  8329 | D:10     | Killed Joseph
  8333 | D:10     | Reached skill level 13 in Ranged Weapons
  8342 | D:10     | 8342 ||| DROPPING +0 orcbow.
  8628 | D:10     | Noticed Fannar
  8637 | D:10     | 8637 ||| INVOKING Heroism.
  8655 | D:10     | Killed Fannar
  8706 | D:10     | Found Gozag's Platinum Reserve.
  8738 | D:10     | Found an opulent altar of Gozag.
  8743 | D:10     | 8743 ||| INVOKING Heroism.
  8754 | D:10     | Reached XP level 12. HP: 24/75 MP: 19/19
  8760 | D:10     | Reached skill level 9 in Fighting
  8760 | D:10     | 8760 ||| FLEEEEING.
  8761 | D:10     | 8761 ||| FLEEEEING.
  8762 | D:10     | 8762 ||| FLEEEEING.
  8763 | D:10     | 8763 ||| FLEEEEING.
  8764 | D:10     | 8764 ||| FLEEEEING.
  8765 | D:10     | 8765 ||| FLEEEEING.
  8766 | D:10     | 8766 ||| FLEEEEING.
  8830 | D:10     | 8830 ||| SHOPLISTING ring "Ibbek" {rPois rF+ rN+ rCorr
                  | Dex+4} (5080 gold, have 907).
  8909 | D:10     | 8909 ||| READING scroll labelled PUGEUWAROG.
  8910 | D:10     | 8910 ||| DROPPING potion of invisibility.
  9284 | D:11     | 9284 ||| FLEEEEING.
  9285 | D:11     | 9285 ||| FLEEEEING.
  9286 | D:11     | 9286 ||| FLEEEEING.
  9291 | D:11     | 9291 ||| FLEEEEING.
  9292 | D:11     | 9292 ||| FLEEEEING.
  9293 | D:11     | 9293 ||| FLEEEEING.
  9294 | D:11     | 9294 ||| FLEEEEING.
  9295 | D:11     | 9295 ||| FLEEEEING.
  9296 | D:11     | 9296 ||| FLEEEEING.
  9297 | D:11     | 9297 ||| FLEEEEING.
  9298 | D:11     | 9298 ||| FLEEEEING.
  9407 | D:11     | Identified the +1 orcbow "Lofukloo" {elec, rF+ Int+4}
  9409 | D:11     | 9409 ||| SWAPPING to +1 orcbow "Lofukloo" {elec, rF+
                  | Int+4}.
  9410 | D:11     | 9410 ||| DROPPING +0 arbalest.
  9460 | D:11     | 9460 ||| INVOKING Heroism.
  9572 | D:11     | Found a staircase to the Lair.
  9622 | D:11     | Reached skill level 14 in Ranged Weapons
  9648 | D:11     | Noticed Nergalle
  9649 | D:11     | 9649 ||| INVOKING Heroism.
  9662 | D:11     | Killed Nergalle
  9795 | D:11     | 9795 ||| INVOKING Heroism.
 10179 | D:11     | 10179 ||| PLANNING LAIR
 10179 | D:11     | 10179 ||| DROPPING +0 steam dragon scales.
 10180 | D:11     | 10180 ||| UPGRADING to +0 troll leather armour.
 10190 | D:11     | 10190 ||| DROPPING +2 leather armour of cold resistance.
 10214 | Lair:1   | Entered Level 1 of the Lair of Beasts
 10244 | Lair:1   | Found a shimmering blue altar of Sif Muna.
 10311 | Lair:1   | 10311 ||| INVOKING Heroism.
 10465 | Lair:1   | Reached skill level 15 in Ranged Weapons
 10488 | Lair:1   | 10488 ||| INVOKING Heroism.
 10913 | Lair:1   | 10913 ||| UPGRADING to +0 pair of boots.
 10918 | Lair:1   | 10918 ||| UPGRADING to +0 pair of gloves.
 10940 | Lair:2   | Noticed an eight-headed hydra
 10940 | Lair:2   | Noticed a catoblepas
 10941 | Lair:2   | 10941 ||| INVOKING Heroism.
 10942 | Lair:2   | 10942 ||| INVOKING Finesse.
 10954 | Lair:2   | Killed a catoblepas
 10955 | Lair:2   | Reached skill level 3 in Armour
 10955 | Lair:2   | Reached XP level 13. HP: 59/82 MP: 20/20
 10990 | Lair:2   | 10990 ||| STAIRDANCE
 11083 | Lair:2   | Found a staircase to the Swamp.
 11085 | Lair:2   | 11085 ||| Stepping ~*~*~tactically~*~*~ (outnumbered).
 11097 | Lair:2   | 11097 ||| INVOKING Heroism.
 11147 | Lair:2   | 11147 ||| INVOKING Heroism.
 11162 | Lair:2   | Reached skill level 16 in Ranged Weapons
 11212 | Lair:2   | Found a frozen archway.
 11234 | Lair:2   | 11234 ||| INVOKING Heroism.
 11243 | Lair:2   | HP: 17/83 [hell rat (7)]
 11244 | Lair:2   | 11244 ||| READING 6 scrolls of teleportation.
 11244 | Lair:2   | Mangled by a death yak simulacrum

Levels and vault maps discovered:
D:1:      spicycebolla_arrival_ecumenical, layout_basic, kennysheep_minor_cross
D:2:      kennysheep_six_static_rooms, layout_rooms, kennysheep_generic_room_15
D:3:      layout_basic, mainiacjoe_overflow_chevrons,
          mainiacjoe_overflow_surrounded_room, grunt_dithmenos_smoke
D:4:      layout_loops_ring, mainiacjoe_overflow_alcove_4, portal_sewer_entry_d
D:5:      minmay_diamond_boxcup, layout_loops_cross,
          minmay_temple_entry_junction_2, kennysheep_generic_room_8
D:6:      layout_rooms, nicolae_qazlal_scattered_showers, grunt_ministairs_13,
          st_stairs_5, minmay_starry_boxes
D:7:      layout_layer_cave, trog_three_pillars_becter,
          hangedman_decor_slide_cut
D:8:      minmay_spotlight, layout_gridville,
          chequers_temple_overflow_statue_of_worship, uniq_maggie
D:9:      layout_basic, lemuel_crystal_altar, minmay_misc_feat_tower
D:10:     layout_gridville, chequers_temple_overflow_minitemple,
          nicolae_gozag_zags_fifth_avenue, hiddenorc2_lemuel, uniq_fannar,
          uniq_joseph, uniq_lodul
D:11:     layout_long_grid, dpeg_oklobed_lair, uniq_nergalle
Lair:1:   layout_long_grid, basic_altar
Lair:2:   layout_hall_layers, minmay_swamp_entry_swarm,
          nicolae_spider_entry_tight_spaces,
          portal_ice_cave_entry_ice_simulacra, st_stairs_12, minivault_27

Skill      XL: |  1  2  3  4  5  6  7  8  9 10 11 12 13 |
---------------+----------------------------------------+-----
Ranged Weapons | 3 4 5 6 7 9 10 13 15 16 | 16.0
Fighting       | 2 3 4 5 7 8 10 | 10.6
Armour         | 1 2 3 4 |  4.0
Invocations    | 1 10 | 10.0
Dodging        | 7 |  7.4
Spellcasting   | |  1.0
Hexes          | |  2.6

Action                     |  1- 3 |  4- 6 |  7- 9 | 10-12 | 13-15 || total
---------------------------+-------+-------+-------+-------+-------++-------
   Fire: Sling             |   128 |    80 |       |       |       ||   208
         Shortbow          |       |   126 |   355 |       |       ||   481
         Orcbow            |       |       |    18 |   852 |   122 ||   992
         Arbalest          |       |       |       |   142 |       ||   142
 Invoke: Heroism           |       |     1 |     8 |    21 |     3 ||    33
         Finesse           |       |       |       |     1 |       ||     1
    Use: Scroll            |     2 |     6 |     7 |     3 |     1 ||    19
         Potion            |       |     2 |     3 |     1 |       ||     6
 Armour: Robe              |     8 |       |    39 |    10 |       ||    57
         Ring mail         |    16 |    48 |    33 |       |       ||    97
         Steam dragon scal |       |       |       |    43 |       ||    43
         Leather armour    |       |       |       |    74 |       ||    74
         Troll leather arm |       |       |       |    16 |    24 ||    40
  Dodge: Dodged            |    31 |    66 |   164 |   531 |   103 ||   895

Table legend:
 A = Non-vault XP
 B = Vault XP
 C = Vault XP percentage of total XP
 D = Non-vault monster count
 E = Vault monster count
 F = Vault count percentage of total count
                 A         B        C        D         E       F
            +---------+---------+-------+---------+---------+-------
      Total |   29835 |    8470 |  22.1 |     287 |      83 |  22.4
            +---------+---------+-------+---------+---------+-------
        D:1 |      26 |       0 |   0.0 |      18 |       0 |   0.0
        D:2 |      54 |      13 |  19.4 |      11 |       7 |  38.9
        D:3 |      43 |       0 |   0.0 |      15 |       0 |   0.0
        D:4 |     122 |      14 |  10.3 |      18 |       1 |   5.3
        D:5 |     514 |     362 |  41.3 |      15 |      10 |  40.0
        D:6 |     827 |     382 |  31.6 |      23 |       8 |  25.8
        D:7 |    1025 |       0 |   0.0 |      17 |       0 |   0.0
        D:8 |    3118 |     971 |  23.7 |      26 |       6 |  18.8
        D:9 |    2766 |       0 |   0.0 |      33 |       0 |   0.0
       D:10 |    4098 |    3856 |  48.5 |      22 |      44 |  66.7
       D:11 |    5069 |    1395 |  21.6 |      37 |       2 |   5.1
     Lair:1 |    6283 |       0 |   0.0 |      28 |       0 |   0.0
     Lair:2 |    5890 |    1477 |  20.0 |      24 |       5 |  17.2
            +---------+---------+-------+---------+---------+-------
